Map: Ulzaan

Players

Faust

  • Race: Zerg Zerg
  • League: Diamond
  • Spawn Location: 11:00

Throwfordays

  • Race: Protoss Protoss
  • League: Silver
  • Spawn Location: 9:00

EGDread

  • Race: Terran Terran
  • League: Platinum
  • Spawn Location: 3:00

Theintersect

  • Race: Zerg Zerg
  • Spawn Location: 1:00

VOD

Have the link to the VOD?

Description

Time

  • Played on: May 2, 2019, 11:20 p.m.
  • Length: 16:18
Show
View Real Time Build Order
Export as new Build Order

Faust Zerg 

Build Orders: Hatch First, Zergling Baneling 

Get SALT Encoding   

  12  0:01  Drone  
  13  0:08  Drone  
  13  0:13  Extractor  
  13  0:16  Drone  
  15  0:23  Overlord  
  15  0:43  Drone x2  
  17  0:56  Hatchery  
  16  1:01  Drone  
  17  1:04  Extractor  
  17  1:09  Drone  
  17  1:18  Spawning Pool  
  16  1:25  Drone  
  17  1:28  Drone  
  18  1:36  Drone  
  18  1:39  Drone  
  20  1:49  Overlord  
  20  2:07  Metabolic Boost  
  20  2:09  Queen x2  
  20  2:12  Zergling x2  
  25  2:16  Zergling x2  
  25  2:19  Zergling x2  
  25  2:22  Drone  
  28  2:29  Baneling Nest  
  27  2:33  Drone  
  27  2:37  Drone  
  29  2:41  Drone  
  30  2:52  Overlord  
  30  2:54  Drone  
  30  2:55  Drone x2  
  33  3:03  Zergling x2  
  34  3:09  Zergling x2  
  35  3:14  Lair  
  35  3:32  Zergling x10  
  35  3:33  Zergling x2  
  40  3:35  Baneling  
  40  3:36  Baneling  
  40  3:37  Zergling x4  
  40  3:40  Zergling x2  
  43  3:50  Baneling  
  43  3:51  Baneling  
  43  3:55  Overlord x2  
  43  4:00  Extractor  
  42  4:15  Drone x4  
  42  4:16  Drone x5  
  51  4:21  Baneling x4  
  51  4:23  Drone  
  51  4:24  Drone  
  53  4:28  Queen  
  55  4:32  Drone  
  55  4:33  Drone  
  55  4:37  Drone  
  58  4:42  Zergling x4, Overlord  
  55  5:09  Extractor  
  55  5:11  Extractor  
  55  5:12  Overlord  
  55  5:13  Overlord  
  53  5:15  Spire  
  53  5:16  Spore Crawler  
  53  5:17  Drone x2  
  53  5:18  Overlord  
  48  5:33  Drone x5  
  48  5:34  Drone, Hatchery  
  53  5:43  Drone x2  
  53  5:44  Drone x2  
  57  5:52  Baneling x5  
  57  5:53  Baneling x2  
  56  6:12  Spore Crawler  
  55  6:23  Drone x9  
  59  6:36  Hatchery  
  56  6:50  Zergling x12  
  62  6:58  Evolution Chamber  
  62  6:59  Evolution Chamber  
  60  7:01  Infestation Pit  
  60  7:02  Drone x2  
  61  7:18  Drone x2  
  63  7:37  Mutalisk  
  63  7:38  Mutalisk x5  
  75  7:46  Mutalisk x2  
  79  7:51  Overlord  
  79  7:52  Overlord  
  79  7:54  Zerg Flyer Weapons Level 1, Mutalisk  
  79  8:19  Hatchery  
  78  8:26  Drone x7  
  78  8:27  Drone x4  
  87  8:33  Zerg Melee Weapons Level 1, Zerg Ground Armor Level 1  
  89  8:34  Hive  
  89  8:36  Burrow  
  89  9:01  Corruptor x4  
  91  9:05  Corruptor  
  88  9:10  Spore Crawler  
  88  9:13  Spore Crawler  
  88  9:15  Overlord x3  
  83  9:30  Spore Crawler  
  82  9:32  Spore Crawler  
  82  9:35  Drone x2  
  82  9:36  Drone x4  
  82  9:38  Spore Crawler  
  74  10:07  Corruptor x3  
  74  10:08  Corruptor x2  
  74  10:09  Mutalisk x2  
  88  10:18  Extractor  
  88  10:19  Extractor  
  86  10:26  Hatchery  
  85  10:28  Extractor  
  85  10:30  Extractor, Overlord  
  83  10:52  Hatchery  
  83  10:53  Zerg Flyer Weapons Level 2  
  82  11:10  Drone x2  
  84  11:11  Spore Crawler  
  84  11:12  Drone x2  
  84  11:13  Drone  
  84  11:15  Spore Crawler, Queen  
  87  11:22  Baneling x6  
  87  11:23  Baneling  
  87  11:28  Adrenal Glands  
  87  11:31  Zerg Melee Weapons Level 2, Zerg Ground Armor Level 2  
  87  11:37  Nydus Network  
  86  11:40  Corruptor  
  88  12:19  Corruptor x6  
  100  12:23  Drone x3  
  100  12:24  Drone x3  
  100  12:25  Drone  
  100  12:26  Drone x13  
  100  12:29  Overlord x4  
  99  13:01  Viper  
  99  13:02  Viper x2  
  95  13:06  Corruptor x2  
  87  13:13  Zergling x6  
  87  13:14  Zergling x16  
  92  13:36  Nydus Canal  
  66  13:50  Corruptor x5  
  68  14:06  Corruptor x3  
  68  14:11  Queen  
  56  14:53  Corruptor  
  56  14:54  Corruptor x6  
  56  14:55  Corruptor x2  
  62  15:08  Corruptor  
  62  15:09  Corruptor  
  62  15:13  Queen  
  65  15:19  Viper  
Show
View Real Time Build Order
Export as new Build Order

Throwfordays Protoss 

Build Orders:  

Get SALT Encoding   

  12  0:00  Probe  
  13  0:13  Pylon  
  13  0:18  Probe  
  14  0:30  Probe  
  15  0:37  Gateway  
  15  0:45  Probe  
  16  0:53  Probe  
  16  0:54  Assimilator  
  16  1:03  Probe  
  18  1:12  Assimilator  
  18  1:15  Probe  
  19  1:27  Probe  
  19  1:30  Zealot  
  22  1:34  Pylon  
  22  1:42  Cybernetics Core  
  22  1:45  Pylon  
  22  1:54  Probe  
  23  2:06  Probe  
  23  2:18  Probe  
  23  2:19  Warp Gate  
  24  2:23  Adept  
  26  2:30  Probe  
  27  2:40  Nexus  
  27  2:47  Pylon  
  27  2:57  Adept  
  29  3:06  Robotics Facility  
  29  3:18  Forge  
  29  3:35  Adept, Probe  
  32  3:43  Probe  
  33  3:50  Probe  
  33  3:52  Probe  
  33  3:53  Immortal  
  33  3:54  Protoss Ground Weapons Level 1  
  39  3:58  Probe  
  40  4:08  Probe  
  41  4:20  Probe  
  41  4:21  Pylon  
  42  4:27  Probe  
  43  4:32  Probe  
  43  4:35  Twilight Council  
  43  4:37  Adept  
  46  4:39  Probe  
  46  4:44  Probe  
  48  4:51  Immortal  
  52  4:55  Assimilator  
  52  4:57  Probe  
  52  4:59  Probe  
  54  5:09  Probe  
  54  5:11  Probe, Resonating Glaives  
  56  5:21  Probe  
  57  5:23  Probe  
  57  5:26  Adept  
  60  5:33  Probe  
  60  5:35  Immortal  
  65  5:36  Probe  
  66  5:45  Probe  
  66  5:48  Probe  
  68  6:01  Adept  
  70  6:07  Protoss Ground Weapons Level 2  
  70  6:08  Pylon  
  70  6:17  Photon Cannon  
  70  6:20  Pylon  
  70  6:21  Assimilator  
  70  6:30  Stalker  
  72  6:48  Probe  
  72  6:52  Charge  
  73  6:55  Immortal  
  73  6:56  Adept  
  73  6:59  Probe  
  73  7:00  Probe  
  81  7:05  Photon Cannon  
  81  7:10  Photon Cannon  
  81  7:23  Stalker  
  83  7:32  Pylon  
  83  7:36  Pylon  
  82  7:40  Pylon  
  82  7:44  Pylon, Immortal  
  86  7:48  Pylon  
  86  7:52  Stalker  
  88  8:22  Probe  
  88  8:25  Protoss Ground Weapons Level 3  
  89  8:33  Immortal  
  93  8:34  Probe  
  93  8:36  Photon Cannon  
  93  8:39  Photon Cannon  
  94  8:48  Stalker  
  96  9:03  Nexus  
  96  9:05  Pylon  
  96  9:08  Pylon  
  96  9:16  Probe  
  97  9:22  Observer  
  98  9:26  Blink  
  98  9:28  Probe  
  99  9:36  Stargate  
  99  9:38  Stargate  
  99  9:39  Forge, Robotics Bay  
  99  9:40  Probe  
  99  9:42  Stargate  
  99  9:44  Stargate  
  100  9:48  Cybernetics Core  
  100  9:52  Probe  
  101  9:54  Assimilator  
  101  9:55  Probe  
  101  9:58  Assimilator  
  102  10:04  Probe  
  103  10:08  Probe  
  103  10:11  Nexus  
  103  10:13  Assimilator  
  104  10:16  Probe  
  104  10:17  Assimilator  
  104  10:20  Probe  
  106  10:25  Stalker  
  108  10:28  Probe  
  108  10:30  Probe  
  108  10:33  Fleet Beacon, Extended Thermal Lance  
  108  10:34  Colossus  
  116  10:38  Probe  
  116  10:40  Probe  
  118  10:52  Probe  
  119  10:58  Protoss Air Weapons Level 1  
  119  11:00  Protoss Air Armor Level 1  
  119  11:02  Probe  
  120  11:06  Probe  
  121  11:14  Probe  
  121  11:16  Carrier  
  121  11:17  Carrier x2  
  121  11:18  Protoss Shields Level 1, Probe  
  141  11:24  Carrier  
  147  11:26  Probe  
  147  11:30  Probe  
  149  11:35  Probe  
  150  11:43  Probe  
  150  11:52  Stargate  
  150  11:53  Probe  
  151  11:55  Stargate  
  151  11:58  Anion Pulse-Crystals  
  152  12:05  Probe  
  153  12:12  Probe  
  154  12:17  Probe  
  155  12:25  Probe  
  146  12:37  Stalker, Probe  
  132  12:49  Probe  
  127  13:01  Stalker, Probe  
  124  13:05  Photon Cannon  
  124  13:15  Pylon  
  124  13:19  Pylon  
  121  13:21  Pylon  
  121  13:26  Pylon, Stalker  
  116  14:20  Pylon  
  103  14:35  Gateway  
  101  14:42  Nexus  
  69  15:00  Nexus  
  69  15:01  Pylon  
  69  15:04  Pylon  
  69  15:11  Pylon  
  65  15:16  Pylon  
  65  15:18  Pylon  
  29  15:30  Zealot  
  29  15:33  Gateway  
  31  15:36  Cybernetics Core  
  31  15:37  Forge  
  31  16:01  Probe  
  32  16:04  Probe  
Show
View Real Time Build Order
Export as new Build Order

EGDread Terran 

Build Orders: Liberator Opening 

Get SALT Encoding   

  12  0:01  SCV  
  13  0:13  SCV  
  14  0:20  Supply Depot  
  14  0:25  SCV  
  15  0:42  SCV  
  16  0:45  Barracks  
  16  0:54  SCV  
  17  1:06  Refinery, SCV  
  18  1:18  SCV  
  19  1:32  Orbital Command  
  19  1:35  Marine, Supply Depot  
  20  1:49  Refinery  
  20  1:53  Marine  
  21  1:58  Supply Depot  
  21  2:29  Marine, Factory  
  22  2:33  SCV  
  23  2:45  SCV  
  23  2:47  Marine  
  25  2:56  Command Center  
  25  2:57  SCV  
  26  3:04  Marine  
  27  3:09  SCV  
  28  3:18  Starport  
  28  3:19  Factory Reactor  
  28  3:24  Starport  
  28  3:30  Marine  
  29  3:48  Marine  
  30  3:58  Liberator  
  33  4:03  Supply Depot  
  33  4:04  Supply Depot  
  33  4:09  Orbital Command  
  33  4:10  Engineering Bay  
  33  4:11  SCV  
  33  4:15  Widow Mine  
  33  4:16  Widow Mine  
  38  4:23  SCV  
  39  4:30  Starport Tech Lab  
  39  4:35  SCV, Starport  
  40  4:42  Refinery  
  40  4:47  SCV  
  37  5:27  Factory Tech Lab  
  37  5:43  Supply Depot  
  37  5:44  Supply Depot  
  37  5:45  Supply Depot x2, Barracks Tech Lab  
  37  5:47  Starport Tech Lab  
  37  5:48  SCV  
  37  5:49  SCV  
  39  5:56  Refinery  
  39  6:01  SCV x2  
  41  6:08  Supply Depot  
  41  6:13  SCV x2  
  43  6:25  SCV x2  
  45  6:29  Liberator x2  
  51  6:35  Fusion Core  
  51  6:37  SCV  
  49  6:51  Viking x2  
  49  6:53  SCV x2  
  55  7:05  SCV x2  
  55  7:07  Siege Tank  
  60  7:17  SCV  
  60  7:18  SCV  
  60  7:20  Command Center  
  63  7:30  SCV  
  63  7:32  Viking x2  
  63  7:33  Battlecruiser  
  73  7:44  Sensor Tower  
  73  8:03  SCV x2  
  75  8:10  Battlecruiser  
  81  8:12  Viking  
  81  8:13  Viking  
  81  8:15  SCV x2  
  81  8:16  Sensor Tower  
  81  8:19  Armory  
  87  8:23  Armory  
  87  8:35  Siege Tank  
  90  8:45  Orbital Command  
  90  8:49  Refinery  
  90  8:51  Refinery  
  84  9:22  Terran Vehicle And Ship Armor Level 1, Terran Ship Weapons Level 1  
  90  9:31  Battlecruiser  
  90  9:33  Viking x2  
  90  9:36  Viking  
  96  9:47  Weapon Refit  
  84  10:10  Battlecruiser  
  90  10:14  Viking  
  90  10:20  Viking  
  94  10:33  Factory Reactor  
  94  10:37  Factory  
  94  10:56  Battlecruiser  
  100  11:10  SCV x3  
  103  11:22  SCV x2  
  105  11:30  Supply Depot  
  107  11:33  Hellbat  
  107  11:37  Hellbat x2  
  111  11:53  Supply Depot  
  111  11:54  Terran Ship Weapons Level 2, Terran Vehicle And Ship Armor Level 2  
  111  11:55  Hellbat  
  111  11:58  Hellbat x2  
  117  12:07  Battlecruiser  
  117  12:08  Battlecruiser  
  129  12:10  Viking x2  
  133  12:16  Hellbat  
  133  12:19  Hellbat  
  133  12:20  Hellbat  
  139  12:38  Hellbat  
  141  13:22  Hellbat x3  
  141  13:23  Battlecruiser  
  141  13:24  Battlecruiser  
  141  13:25  Supply Depot  
  159  13:42  Viking x2  
  159  13:43  Hellbat, Hellion  
  159  13:44  Hellbat  
  169  14:05  Hellbat  
  171  14:11  Viking  
  171  14:12  Viking  
  173  14:27  Viking  
  173  14:28  Battlecruiser  
  171  14:41  Viking  
  171  14:42  Viking  
  155  14:57  Viking  
  137  15:47  Command Center  
  133  15:55  Supply Depot  
  133  15:56  Supply Depot x2  
  127  15:57  Supply Depot  
  127  16:14  Command Center  
Show
View Real Time Build Order
Export as new Build Order

Theintersect Zerg 

Build Orders: Pool First 

Get SALT Encoding   

  12  0:01  Drone  
  13  0:10  Drone  
  14  0:19  Overlord  
  14  0:40  Drone x3  
  17  0:50  Spawning Pool  
  16  1:02  Extractor  
  15  1:23  Hatchery  
  14  1:29  Drone x2  
  14  1:30  Drone  
  17  1:46  Queen  
  20  2:06  Zergling x2  
  20  2:07  Overlord x2  
  21  2:12  Extractor  
  21  2:30  Zergling x4  
  21  2:35  Hatchery, Roach Warren  
  20  2:43  Drone  
  21  2:57  Drone  
  22  3:20  Drone x3  
  22  3:36  Roach x2  
  22  3:37  Roach x2  
  30  3:47  Roach  
  32  3:55  Hatchery  
  31  4:09  Roach x2  
  35  4:18  Roach  
  35  4:20  Overlord x2  
  37  4:52  Roach  
  41  4:53  Roach x5  
  49  5:29  Roach x2  
  49  5:30  Roach x3  
  59  5:36  Overlord  
  59  5:37  Drone  
  60  5:56  Overlord x2  
  60  5:57  Overlord  
  60  6:13  Drone x3  
  60  6:15  Queen  
  60  6:16  Drone  
  66  6:26  Lair  
  66  6:56  Drone x3  
  69  7:17  Drone  
  71  7:22  Drone  
  71  7:23  Drone x4  
  71  7:24  Drone x3  
  71  7:27  Extractor  
  71  7:29  Extractor  
  76  7:31  Drone x4  
  64  8:19  Spire  
  51  9:02  Spore Crawler, Hatchery  
  45  9:04  Spore Crawler  
  44  9:10  Overlord x3  
  44  9:30  Mutalisk x2  
  44  9:31  Mutalisk x6  
  48  9:37  Mutalisk x3  
  48  9:38  Mutalisk x6  
  68  9:39  Mutalisk x2  
  82  10:09  Mutalisk x3  
  88  10:18  Queen  
  88  10:19  Drone  
  91  10:38  Zerg Flyer Weapons Level 1  
  91  10:43  Mutalisk  
  91  10:44  Mutalisk x2  
  91  10:48  Overlord  
  91  10:49  Overlord x2  
  97  10:57  Extractor  
  96  11:30  Drone x3  
  99  12:00  Mutalisk  
  99  12:01  Corruptor x2, Mutalisk x3  
  99  12:02  Corruptor x3  
  99  12:08  Drone  
  116  12:12  Extractor, Drone x3  
  116  12:13  Drone  
  116  12:15  Overlord x2  
  119  12:19  Overlord x2  
  117  13:04  Mutalisk x3  
  117  13:05  Mutalisk x2  
  125  13:06  Mutalisk x3  
  125  13:07  Mutalisk  
  115  14:19  Hatchery  
  112  14:44  Mutalisk x4  
  112  14:45  Mutalisk x4  
  124  14:50  Drone x2  
  124  14:51  Drone  
  124  14:52  Mutalisk x3  
  133  15:32  Drone x2  
  133  15:33  Drone x3  
  138  15:43  Drone  
  138  15:44  Drone  
  132  15:57  Hatchery  
Tags
 
Add a new tag
Caveats
  • Supply blocks, unpowered buildings, or Contaminate may cause inaccurate times.
  • Supply counts are checked every 10 seconds.